 Seeded DCSS version 0.29.1-15-g9cfb28693d (webtiles) character file.

Game seed: 15851554773747161596 (custom seed)

1193 bmack86 the Chopper (level 8, -2/70 HPs)
             Began as a Minotaur Fighter on Mar 17, 2023.
             Was a Believer of Okawaru.
             Slain by an unseen horror (7 damage)
             ... on level 5 of the Dungeon.
             The game lasted 00:08:50 (3591 turns).

bmack86 the Chopper (Minotaur Fighter)              Turns: 3591, Time: 00:08:51

Health: -2/70      AC: 11    Str: 24    XL:     8   Next: 20%
Magic:  18/18      EV: 23    Int: 13    God:    Okawaru [**....]
Gold:   432        SH:  5    Dex:  9    Spells: 7/7 levels left

rFire   . . .      SeeInvis .   m - +2 broad axe (flame)
rCold   + . .      Faith    .   c - +0 buckler
rNeg    + . .      Spirit   .   t - +0 chain mail "Sepeseg" {rPois rC+ Stlth+}
rPois   +          Reflect  .   (helmet restricted)
rElec   .          Harm     .   (no cloak)
rCorr   .          Rampage  .   (no gloves)
Will    +....                   u - +0 pair of boots
Stlth   ..........              e - amulet of the acrobat
HPRegen 0.21/turn               n - ring "Ilosh" {Int+6 Slay+4}
MPRegen 0.16/turn               o - ring of Starshine {rN+ Will+ MP+9 Int+2}

@: acrobatic
A: horns 2, retaliatory headbutt
a: Renounce Religion, Heroism


You were on level 5 of the Dungeon.
You worshipped Okawaru.
Okawaru was pleased with you.
You visited 2 branches of the dungeon, and saw 6 of its levels.
You also visited: Ossuary.

You collected 432 gold pieces.

Inventory:

Hand Weapons
 a - a +0 war axe
 m - a +2 broad axe of flaming (weapon)
Missiles
 j - 10 poisoned darts (quivered)
 y - 2 boomerangs
Armour
 b - a +0 scale mail
 c - a +0 buckler (worn)
 t - the +0 chain mail "Sepeseg" (worn) {rPois rC+ Stlth+}
   (You took it off an orc on level 3 of the Dungeon)

   rC:        It protects you from cold.
   rPois:     It protects you from poison.
   Stlth:     It makes you more stealthy.
 u - a +0 pair of boots (worn)
Jewellery
 e - an amulet of the acrobat (around neck)
 n - the ring "Ilosh" (left hand) {Int+6 Slay+4}
   (You acquired it on level 3 of the Dungeon)

   [ring of slaying]

   Int:       It affects your intelligence (+6).
   Slay:      It affects your accuracy & damage with ranged weapons and melee
   (+4).
 o - the ring of Starshine (right hand) {rN+ Will+ MP+9 Int+2}
   (You acquired it on level 3 of the Dungeon)

   [ring of magical power]

   Int:       It affects your intelligence (+2).
   rN:        It protects you from negative energy.
   MP:        It affects your magic capacity (+9).
   Will:      It increases your willpower.
 p - an amulet of guardian spirit
Wands
 w - a wand of acid (8)
Scrolls
 f - 2 scrolls of enchant weapon {unknown}
 h - 3 scrolls of vulnerability {unknown}
 i - a scroll of fear {unknown}
 k - 2 scrolls of teleportation {unknown}
 s - a scroll of enchant armour {unknown}
 v - a scroll of fog {unknown}
 C - 2 scrolls of identify {unknown}
Potions
 d - a potion of might
 g - 2 potions of attraction {unknown}
 l - a potion of curing
 q - a potion of ambrosia {unknown}
 r - a potion of haste {unknown}
 x - 4 potions of mutation {unknown}
 z - 2 potions of flight {unknown}
 A - a potion of lignification {unknown}
 B - a potion of heal wounds {unknown}
 D - 2 potions of brilliance {unknown}
 E - a potion of invisibility {unknown}


   Skills:
 + Level 5.7 Fighting
 * Level 7.0 Axes
 + Level 3.1 Throwing
 + Level 5.9 Armour
 + Level 5.9 Shields
 + Level 2.7 Invocations


You had 7 spell levels left.
You didn't know any spells.
Your spell library contained the following spells:

 Spells                   Type           Power      Damage    Failure   Level
 Storm Form               Tmut/Air       0%         N/A       100%        7
 Maxwell's Capacitive Co  Air            0%         ∞         100%        8
 Summon Lightning Spire   Summ/Air       Unusable   N/A       N/A         4
 Malign Gateway           Summ/Tloc      Unusable   N/A       N/A         7
 Summon Horrible Things   Summ           Unusable   N/A       N/A         8

Dungeon Overview and Level Annotations

Branches:
Dungeon (5/15)             Temple (1/1) D:4         Ossuary (visited)

Altars:
Ashenzari
Fedhas
Gozag
Hepliaklqana
Kikubaaqudgha
Makhleb
Okawaru
Sif Muna
Uskayaw
Vehumet
Xom
Zin
The Shining One


Innate Abilities, Weirdness & Mutations

You have a pair of horns on your head.
You reflexively headbutt those who attack you in melee.


Message History

The yak barely misses you. Something hits you but does no damage.
You slash the yak! You burn the yak.
You kill the yak!
Okawaru accepts your kill.
You slash something! You burn something. You block something's attack.
Your Axes skill increases to level 7!
Your Throwing skill increases to level 3!
Something hits you but does no damage. Something barely misses you.
You see here a scorpion corpse.
Something hits you but does no damage.
You see here a quokka corpse.
Something misses you. Something closely misses you.
Something completely misses you.
You slice something!! You burn something. Something hits you.
* * * LOW HITPOINT WARNING * * *
Something hits you.
* * * LOW HITPOINT WARNING * * *
Something barely misses you. Something hits you.
* * * LOW HITPOINT WARNING * * *
You see here a quokka corpse.
Something barely misses you. Something hits you.
* * * LOW HITPOINT WARNING * * *
You see here a scorpion corpse.
You start resting.
Something misses you.
You feel better. You block something's attack.
Something hits you but does no damage. Something hits you.
* * * LOW HITPOINT WARNING * * *
You see here a quokka corpse.
Something hits you.
* * * LOW HITPOINT WARNING * * *
You see here a scorpion corpse.
Something closely misses you. Something hits you.
* * * LOW HITPOINT WARNING * * *
Something hits you but does no damage. Something closely misses you.
Something hits you!
You die...

+. .....# #.......# ..
#.......# ... ..#.##..#
....
#......#############....
#......................
##......................
#.......††...#..........
#.........)@.#..........
#.#.+###########.####+###
# #........##
+......#...# #.....##...#
..#..###..##
#...##.#.###+##
#..##..#......+ #
#.##...'......# .#


There were no monsters in sight!

Vanquished Creatures
  Grinder (D:5)
  A yak (D:5)
  The ghost of sigtrap the Shield-Bearer, an amateur FoFi of Zin (D:3)
  A phantom (D:4)
  6 scorpions
  An iguana (D:4)
  9 mummies
  10 adders
  2 worms
  2 dart slugs (D:4)
  14 orcs
  15 bats
  5 endoplasms
  4 giant cockroaches
  2 gnoll zombies (Ossuary)
  7 goblins
  6 hobgoblins
  5 jackals
  6 kobolds
  3 quokkas
  10 ball pythons
  A frilled lizard (D:1)
  2 hobgoblin zombies (Ossuary)
  2 kobold zombies (Ossuary)
  2 orc zombies (Ossuary)
  5 rats
123 creatures vanquished.

Vanquished Creatures (others)
  6 fungi (D:4)
  4 plants (D:1)
10 creatures vanquished.

Grand Total: 133 creatures vanquished

Notes
Turn   | Place    | Note
-------+----------+-------------------------------------------
     0 | D:1      | bmack86 the Minotaur Fighter began the quest for the Orb.
     0 | D:1      | Reached XP level 1. HP: 19/19 MP: 0/0
    38 | D:1      | Reached XP level 2. HP: 26/27 MP: 1/1
    86 | D:1      | Reached skill level 3 in Axes
   570 | D:1      | Found a faded altar of an unknown god.
   760 | D:2      | Reached XP level 3. HP: 22/33 MP: 2/2
  1115 | D:2      | Reached XP level 4. HP: 40/40 MP: 3/3
  1127 | D:2      | You fall into a shaft and drop 2 floors!
  1180 | D:4      | Noticed a scorpion
  1180 | D:4      | Noticed a phantom
  1190 | D:4      | Killed a phantom
  1191 | D:4      | Reached skill level 4 in Axes
  1191 | D:4      | Reached XP level 5. HP: 39/47 MP: 4/4
  1193 | D:4      | Reached skill level 1 in Throwing
  1210 | D:4      | Found a staircase to the Ecumenical Temple.
  1216 | Temple   | Entered the Ecumenical Temple
  1231 | Temple   | Became a worshipper of Warmaster Okawaru
  1278 | D:4      | Found a hazy altar of Hepliaklqana.
  1350 | D:3      | Identified 3 scrolls of acquirement
  1350 | D:3      | Acquired the ring "Ilosh" {Int+6 Slay+4}
  1353 | D:3      | Acquired the ring of Starshine {rN+ Will+ MP+9 Int+2}
  1356 | D:3      | Acquired a +2 broad axe of flaming
  1577 | D:3      | Found a runed translucent gate.
  1577 | D:3      | Found a runed translucent gate.
  1577 | D:3      | Found a runed translucent gate.
  1580 | D:3      | Noticed sigtrap's ghost (amateur FoFi)
  1580 | D:3      | Identified the +0 chain mail "Sepeseg" {rPois rC+ Stlth+}
  1591 | D:3      | Identified the +8 hand axe "Zetiul" {freeze, Str+4}
  1682 | D:3      | Found an ancient bone altar of Kikubaaqudgha.
  1682 | D:3      | Found a burning altar of Makhleb.
  1964 | D:2      | Identified the +6 dagger of Indomitability {flame, rF+ rN+
                  | rCorr Dex-5}
  2163 | D:3      | Reached skill level 5 in Axes
  2167 | D:3      | Reached XP level 6. HP: 36/53 MP: 5/5
  2174 | D:3      | Killed sigtrap's ghost
  2480 | D:3      | Reached skill level 1 in Invocations
  2718 | D:4      | Reached skill level 5 in Armour
  2947 | D:4      | Reached * piety under Okawaru
  2948 | D:4      | Reached skill level 5 in Shields
  2966 | D:4      | Reached skill level 5 in Fighting
  2966 | D:4      | Reached XP level 7. HP: 57/61 MP: 7/7
  2982 | D:4      | Reached skill level 6 in Axes
  3047 | D:4      | Found a hide-covered altar of Uskayaw.
  3219 | D:5      | Entered Level 5 of the Dungeon
  3239 | D:5      | Noticed Grinder
  3249 | D:5      | Killed Grinder
  3271 | D:5      | Found a sand-covered staircase.
  3275 | D:5      | Reached ** piety under Okawaru
  3279 | Ossuary  | Entered an ossuary
  3561 | D:5      | Noticed a yak
  3568 | D:5      | Reached XP level 8. HP: 45/69 MP: 8/8
  3574 | D:5      | Reached skill level 7 in Axes
  3591 | D:5      | Slain by an unseen horror

Illustrated notes

Levels and vault maps discovered:
D:1:      evilmike_arrival_plus, layout_rooms,
          shapermc_ecumenical_altar_hornbeckon, dreamdust_wishing_well,
          serial_bayou_lagoon_a, hangedman_abyss_or_decor_lesser_grid
D:2:      layout_basic, mrwooster_statue_mirror
D:3:      layout_basic, gammafunk_temple_overflow_pools,
          biasface_ghost_orc_armoury
D:4:      old_forge, layout_cave_pools, nicolae_uskayaw_dance_hall,
          nicolae_hepliaklqana_hazy_memory, minmay_temple_entry_enclosed_plants
D:5:      layout_gridville, gup_ossuary_entry_pyramid,
          gammafunk_ghost_mausoleum, minmay_manual_mess, uniq_menkaure,
          uniq_grinder
Temple:   nicolae_temple_two_arcs

Skill      XL: |  1  2  3  4  5  6  7  8 |
---------------+-------------------------+-----
Axes           | 3 4 5 6 7 |  7.0
Fighting       | 4 5 |  5.7
Armour         | 4 5 |  5.9
Shields        | 4 5 |  5.9
Throwing       | 1 2 3 |  3.1
Invocations    | 1 2 |  2.7

Action                   |  1- 3 |  4- 6 |  7- 9 || total
-------------------------+-------+-------+-------++-------
Melee: War axe           |    57 |    20 |       ||    77
       Headbutt          |     6 |     8 |    14 ||    28
       Broad axe         |       |    60 |    54 ||   114
  Use: Scroll            |       |     3 |       ||     3
       Potion            |       |       |     1 ||     1
 Stab: Held in net/web   |       |     3 |       ||     3
Armor: Scale mail        |    32 |    15 |       ||    47
       Chain mail        |       |    22 |    22 ||    44
Dodge: Dodged            |    50 |    68 |    24 ||   142
Block: Buckler           |    25 |    19 |     7 ||    51
